Map: Ultralove

Players

LOUP

  • Race: Protoss Protoss
  • League: Platinum
  • Spawn Location: 7:00

ManlyManMeat - Winner!

  • Race: Terran Terran
  • League: Platinum
  • Spawn Location: 1:00

VOD

Have the link to the VOD?

Description

Time

  • Played on: June 19, 2025, 11:26 a.m.
  • Length: 8:15
Show
View Real Time Build Order
Export as new Build Order

LOUP Protoss 

Build Orders: 1 Gate Expand 

Get SALT Encoding   

  12  0:01  Probe  
  13  0:13  Probe  
  14  0:21  Pylon  
  14  0:25  Probe  
  15  0:39  Probe  
  16  0:46  Gateway  
  16  0:47  Probe  
  16  0:55  Probe  
  17  1:00  Assimilator  
  18  1:05  Probe  
  19  1:29  Probe  
  19  1:39  Nexus  
  19  1:40  Cybernetics Core  
  19  1:41  Probe  
  20  1:47  Assimilator  
  20  1:53  Probe  
  21  2:04  Pylon  
  21  2:05  Probe  
  22  2:10  Stalker  
  22  2:17  Probe  
  22  2:20  Warp Gate  
  25  2:29  Probe  
  25  2:42  Probe  
  25  2:52  Probe  
  25  2:54  Probe  
  27  3:01  Probe  
  28  3:07  Probe  
  28  3:09  Probe  
  28  3:10  Stalker  
  28  3:12  Robotics Facility  
  29  3:19  Probe x2  
  34  3:31  Probe x2  
  36  3:40  Gateway, Sentry  
  38  3:43  Probe x2  
  38  3:45  Gateway  
  40  3:49  Pylon  
  40  3:54  Observer  
  40  3:55  Probe x2  
  43  4:14  Immortal  
  47  4:27  Probe x2  
  47  4:30  Assimilator  
  49  4:32  Assimilator  
  49  4:39  Probe x2  
  49  4:40  Pylon  
  51  4:51  Probe  
  51  4:52  Probe  
  53  5:02  Pylon  
  53  5:03  Probe  
  53  5:04  Probe  
  53  5:05  Forge, Robotics Bay  
  55  5:08  Robotics Facility  
  55  5:15  Immortal  
  59  5:21  Gateway  
  59  5:24  Gateway  
  59  5:29  Gateway  
  59  5:30  Observer, Gateway  
  59  5:33  Gateway  
  59  5:35  Gateway  
  59  5:41  Pylon  
  59  5:42  Pylon  
  59  5:45  Probe x2  
  61  5:50  Pylon  
  61  5:56  Pylon  
  61  5:57  Probe  
  62  6:06  Stalker x3  
  62  6:08  Immortal  
  66  6:19  Stalker x2  
  62  6:27  Shield Battery x2  
  62  6:31  Stalker x3  
  62  6:32  Stalker  
  70  6:34  Sentry x2  
  74  6:44  Stalker  
  74  6:45  Stalker  
  78  6:49  Colossus  
  78  7:02  Stalker x3  
  90  7:12  Stalker  
  92  7:27  Stalker x3  
  88  7:50  Stalker x5  
  63  8:02  Stalker x2  
Show
View Real Time Build Order
Export as new Build Order

ManlyManMeat Terran - Winner!

Build Orders: Reaper Expand 

Get SALT Encoding   

  12  0:00  SCV  
  13  0:12  SCV  
  14  0:17  Supply Depot  
  14  0:24  SCV  
  15  0:38  SCV  
  15  0:40  Barracks  
  16  0:44  Refinery  
  16  0:50  SCV  
  17  1:03  SCV  
  18  1:15  SCV  
  19  1:26  Reaper  
  19  1:28  Orbital Command  
  20  1:45  Command Center  
  21  1:54  SCV  
  21  1:59  Barracks Reactor  
  21  2:04  Supply Depot  
  21  2:14  SCV  
  22  2:26  SCV  
  23  2:38  SCV  
  23  2:39  Factory  
  24  2:50  SCV, Barracks  
  25  2:55  Marine x2  
  25  2:57  Orbital Command  
  27  3:03  Barracks  
  27  3:05  SCV  
  28  3:16  Marine x2  
  28  3:18  SCV  
  31  3:21  Refinery  
  31  3:24  Factory Tech Lab  
  31  3:28  SCV, Starport  
  31  3:30  SCV  
  33  3:37  Marine x2  
  33  3:38  Barracks Tech Lab  
  35  3:50  SCV  
  35  3:51  SCV  
  35  3:55  Refinery  
  37  3:56  Refinery  
  37  3:59  Supply Depot x2  
  37  4:02  SCV  
  37  4:03  SCV, Barracks Reactor, Stimpack  
  37  4:04  Engineering Bay  
  39  4:15  Marine  
  41  4:17  Marauder  
  42  4:24  SCV  
  42  4:25  SCV  
  42  4:28  Medivac  
  46  4:37  SCV x2  
  48  4:45  Medivac, Siege Tank  
  51  4:46  Marine x2  
  51  4:47  Barracks Tech Lab  
  51  4:49  Marine  
  56  4:56  Engineering Bay  
  56  4:57  Terran Infantry Weapons Level 1  
  56  4:58  SCV  
  57  5:12  Marine  
  57  5:13  Marine  
  60  5:14  Marauder x2  
  60  5:17  Supply Depot  
  60  5:18  Supply Depot  
  62  5:30  Marine x2, Siege Tank  
  62  5:35  Terran Infantry Armor Level 1  
  69  5:36  Marauder  
  69  5:39  Marauder  
  71  5:43  Combat Shield  
  71  5:44  Medivac  
  71  5:48  SCV x2  
  75  6:00  SCV  
  76  6:05  Marine x3  
  76  6:06  Marine  
  76  6:23  Marine x2  
  77  6:27  SCV x2  
  77  6:32  Siege Tank  
  82  6:33  Marauder  
  82  6:35  Marauder  
  82  6:39  SCV  
  86  6:40  Supply Depot x2  
  86  6:42  SCV, Medivac x2  
  91  6:52  SCV  
  92  6:54  SCV  
  92  6:56  Marine  
  92  6:59  Missile Turret  
  92  7:00  Missile Turret  
  92  7:01  Marine  
  94  7:03  Marine x2  
  94  7:04  SCV  
  98  7:11  Command Center  
  97  7:50  Marine x4  
Tags
 
Add a new tag
Caveats
  • Supply blocks, unpowered buildings, or Contaminate may cause inaccurate times.
  • Supply counts are checked every 10 seconds.